 Dungeon Sprint DCSS version 0.21.1-1-g345015fe64 (webtiles) character file.

4440 Gunter174 the Brawler (level 10, -4/111 HPs)
             Began as a Troll Berserker on Feb 6, 2018.
             Was a High Priest of Trog.
             Slain by an unseen horror (8 damage)
             ... in the Dungeon (Sprint I: "Red Sonja").
             The game lasted 00:06:01 (842 turns).

Gunter174 the Brawler (Troll Berserker)              Turns: 842, Time: 00:06:01

Health: -4/111     AC:  7    Str: 30    XL:     10   Next: 14%
Magic:  9/9        EV: 14    Int:  3    God:    Trog [*****.]
Gold:   815        SH:  4    Dex:  9    Spells: 9/9 levels left

rFire    + . .     SeeInvis .     - Unarmed
rCold    . . .     Gourm    +   (no shield)
rNeg     . . .     Faith    .   k - +2 robe {rF+}
rPois    .         Spirit   .   (helmet restricted)
rElec    .         Reflect  +   (no cloak)
rCorr    .         Harm     .   (gloves unavailable)
MR       .....     NoTele   +   (boots unavailable)
Stlth    +.........             j - +4 amulet of reflection
HPRegen  0.68/turn              (no ring)
MPRegen  0.11/turn              (no ring)

@: very slow
A: large, unfitting armour, claws 3, fast metabolism 3, gourmand, regeneration
1, shaggy fur 1, tough skin 2
a: Berserk, Trog's Hand, Brothers in Arms, Burn Spellbooks, Renounce Religion


You were in the Dungeon.
You worshipped Trog.
Trog was extremely pleased with you.
You were not hungry.

You visited 1 branch You collected 1085 gold pieces.
You spent 270 gold pieces at shops.

Inventory:

Armour
 a - a +0 animal skin
 k - a +2 robe of fire resistance (worn)
Jewellery
 j - a +4 amulet of reflection (around neck)
Wands
 i - a wand of polymorph (10)
Scrolls
 h - a scroll of blinking
 m - a scroll of immolation {unknown}
Potions
 c - 4 potions of curing
 d - a potion of heal wounds
 e - a potion of haste
 f - 2 potions of magic
 g - a potion of berserk rage
 l - a potion of flight {unknown}
Comestibles
 b - 6 rations


   Skills:
 + Level 10.8 Fighting
 + Level 11.0 Dodging
 + Level 0.2 Stealth
 + Level 15.7 Unarmed Combat


You had 9 spell levels left.
You didn't know any spells.

Dungeon Overview and Level Annotations

Branches:
Dungeon (1/1)

Altars:
Cheibriados
Dithmenos
Elyvilon
Fedhas
Gozag
Hepliaklqana
Kikubaaqudgha
Makhleb
Nemelex Xobeh
Okawaru
Qazlal
Ru
Sif Muna
Trog
Uskayaw
Vehumet
Wu Jian
Xom
Yredelemnul
Zin
The Shining One
Jiyva
Lugonu

Shops:
D :=[


Innate Abilities, Weirdness & Mutations

You are too large for most types of armour.
You have claws for hands.
Your metabolism is lightning-fast.
You like to eat raw meat.
Your natural rate of healing is unusually fast.
You are covered in fur. (AC +1)
You have very tough skin. (AC +2)


Message History

* * * LOW HITPOINT WARNING * * *
There is an open door here.
Something is blocking the doorway!
Something hits you!
* * * LOW HITPOINT WARNING * * *
Something hits you.
* * * LOW HITPOINT WARNING * * *
Something hits you.
* * * LOW HITPOINT WARNING * * *
Something hits you.
* * * LOW HITPOINT WARNING * * *
Something hits you.
* * * LOW HITPOINT WARNING * * *
Things that are here:
an uncursed shortbow; 18 arrows You enter the shallow water.
Moving in this stuff is going to be slow.
Something hits you.
* * * LOW HITPOINT WARNING * * *
Something hits you!
You die...

########################
.#..').#..'..#__#..(...#
.'[.#..').#..'..'..#)..#
.#####'#####'#__####...+
.####..#...#.####§§#####
.#__####..##§#§§§{§#..#
.#_____##'#§§'§§@{.{.§#
⌠#_.∩...'.§§_#§§{)§#§.#
##_..__##_.#'##§#####§###
#_____###)#.#(((.###.'.#
##########)####'###[###.#
........'.(('(..(.'.∩##.#
#++++####...###########†#
###.###.....§§##§#
#.#'#.#.....§..§.#


There were no monsters in sight!

Vanquished Creatures
  2 centaur warriors (D)
  Sonja (D)
  A deep troll (D)
  An oklob plant (D)
  2 kobold demonologists (D)
  A slime creature (D)
  A hornet (D)
  2 redbacks (D)
  A yak (D)
  Sigmund (D)
  A floating eye (D)
  An ogre (D)
  A jelly (D)
  Ijyb (D)
  4 ballistomycetes (D)
21 creatures vanquished.

Vanquished Creatures (others)
  2 hornets (D)
  2 ballistomycete spores (D)
4 creatures vanquished.

Grand Total: 25 creatures vanquished

Notes
Turn   | Place    | Note
-------+----------+-------------------------------------------
     0 | D        | Gunter174 the Troll Berserker began the quest for the Orb.
     0 | D        | Reached XP level 1. HP: 22/22 MP: 0/0
     2 | D        | Noticed Ijyb
     4 | D        | Killed Ijyb
     4 | D        | Reached skill level 4 in Unarmed Combat
     4 | D        | Reached XP level 2. HP: 31/31 MP: 1/1
     8 | D        | Noticed an ogre
    12 | D        | Killed an ogre
    12 | D        | Reached skill level 6 in Unarmed Combat
    12 | D        | Reached XP level 3. HP: 41/41 MP: 2/2
    12 | D        | Reached XP level 4. HP: 49/49 MP: 3/3
    24 | D        | Noticed Sigmund
    34 | D        | Killed Sigmund
    34 | D        | Reached ** piety under Trog
    34 | D        | Reached skill level 8 in Unarmed Combat
    34 | D        | Reached XP level 5. HP: 40/59 MP: 4/4
    77 | D        | Found a deep blue altar of Sif Muna.
    78 | D        | Found an ornate altar of the Wu Jian Council.
    79 | D        | Found a radiant altar of Vehumet.
    81 | D        | Reached XP level 6. HP: 68/68 MP: 5/5
   108 | D        | Found Woihef's Jewellery Emporium.
   108 | D        | Found an ancient bone altar of Kikubaaqudgha.
   108 | D        | Found a hazy altar of Hepliaklqana.
   108 | D        | Found a hide-covered altar of Uskayaw.
   108 | D        | Found a basalt altar of Yredelemnul.
   108 | D        | Found an opulent altar of Gozag.
   108 | D        | Found a snail-covered altar of Cheibriados.
   108 | D        | Found a sacrificial altar of Ru.
   108 | D        | Found a shadowy altar of Dithmenos.
   108 | D        | Noticed a yak
   112 | D        | Killed a yak
   112 | D        | Reached skill level 9 in Unarmed Combat
   113 | D        | Found a stormy altar of Qazlal.
   113 | D        | Found a blossoming altar of Fedhas.
   113 | D        | Found a bloodstained altar of Trog.
   113 | D        | Found an iron altar of Okawaru.
   113 | D        | Found a glowing golden altar of the Shining One.
   113 | D        | Found a glowing silver altar of Zin.
   113 | D        | Found a white marble altar of Elyvilon.
   114 | D        | Found a sparkling altar of Nemelex Xobeh.
   118 | D        | Bought a +4 amulet of reflection for 270 gold pieces
   130 | D        | Found a viscous altar of Jiyva.
   130 | D        | Found a corrupted altar of Lugonu.
   130 | D        | Noticed a slime creature
   131 | D        | Found a burning altar of Makhleb.
   131 | D        | Found a shimmering altar of Xom.
   135 | D        | Killed a slime creature
   135 | D        | Reached *** piety under Trog
   135 | D        | Reached skill level 10 in Unarmed Combat
   135 | D        | Reached XP level 7. HP: 41/78 MP: 6/6
   205 | D        | Noticed a kobold demonologist
   206 | D        | Noticed a kobold demonologist
   211 | D        | Killed a kobold demonologist
   211 | D        | Reached skill level 11 in Unarmed Combat
   211 | D        | Paralysed by a floating eye for 4 turns
   214 | D        | Noticed a smoke demon
   218 | D        | Killed a kobold demonologist
   218 | D        | Reached **** piety under Trog
   218 | D        | Reached XP level 8. HP: 83/89 MP: 7/7
   220 | D        | Received a gift from Trog
   240 | D        | Noticed a centaur warrior
   241 | D        | Noticed a centaur warrior
   249 | D        | Killed a centaur warrior
   249 | D        | Reached skill level 13 in Unarmed Combat
   254 | D        | Killed a centaur warrior
   254 | D        | Reached skill level 10 in Dodging
   254 | D        | Reached XP level 9. HP: 71/101 MP: 8/8
   328 | D        | Reached skill level 10 in Fighting
   328 | D        | Reached skill level 14 in Unarmed Combat
   341 | D        | Noticed an oklob plant
   347 | D        | Killed an oklob plant
   376 | D        | Noticed a deep troll
   378 | D        | Killed a deep troll
   378 | D        | Reached ***** piety under Trog
   378 | D        | Reached skill level 15 in Unarmed Combat
   390 | D        | Found Iwomp's Armour Emporium.
   402 | D        | Noticed Sonja
   474 | D        | Found Leorgh's Book Boutique.
   569 | D        | Killed Sonja
   569 | D        | Received a gift from Trog
   569 | D        | Reached XP level 10. HP: 111/111 MP: 9/9
   841 | D        | HP: 5/111 [something (3)]
   842 | D        | Slain by an unseen horror

Skill      XL: |  1  2  3  4  5  6  7  8  9 10 |
---------------+-------------------------------+-----
Fighting       | 3 4 6 7 8 9 10 | 10.8
Dodging        | 3 4 6 7 8 10 11 | 11.0
Unarmed Combat | 4 6 8 10 11 13 15 | 15.7
Stealth        | |  0.2

Action                   |  1- 3 |  4- 6 |  7- 9 | 10-12 || total
-------------------------+-------+-------+-------+-------++-------
Melee: Unarmed           |     5 |    18 |    36 |    19 ||    78
       Punch             |       |     1 |       |     2 ||     3
Invok: Berserk           |       |       |     2 |       ||     2
  Eat: Chunk             |       |     1 |     6 |       ||     7
Armor: Robe              |       |       |     6 |     3 ||     9
Dodge: Dodged            |     2 |     3 |    25 |     5 ||    35
Block: Other             |       |       |     5 |     4 ||     9
       Reflection        |       |       |     2 |       ||     2
